 Dungeon Crawl Stone Soup version 0.19-a0-1213-g90c832c (webtiles) character file.

167 Lindan9 the Shield-Bearer (level 5, -1/41 HPs)
             Began as a Formicid Fighter on Aug 23, 2016.
             Slain by a worm (6 damage)
             ... on level 3 of the Dungeon.
             The game lasted 00:06:45 (1614 turns).

Lindan9 the Shield-Bearer (Formicid Fighter)        Turns: 1614, Time: 00:06:46

Health: -1/41      AC:  8    Str: 22    XL:     5   Next: 76%
Magic:  5/5        EV:  9    Int:  7    God:
Gold:   149        SH: 11    Dex: 10    Spells: 0 memorised, 4 levels left

rFire  . . .     SeeInvis +     a - +1 war axe
rCold  . . .     Gourm    .     b - +0 scale mail
rNeg   + . .     Faith    .     c - +1 shield
rPois  .         Spirit   .     (helmet unavailable)
rElec  .         Dismiss  .     (no cloak)
rCorr  .         Reflect  .     g - +0 pair of gloves
MR     .....     Harm     .     (no boots)
Stlth  ..........               (no amulet)
                                (no ring)
                                m - ring of positive energy

@: no status effects
A: permanent stasis, dig shafts and tunnels, four strong arms, antennae 3
a: Dig, Shaft Self


You were on level 3 of the Dungeon.
You were not hungry.

You visited 1 branch of the dungeon, and saw 3 of its levels.

You collected 149 gold pieces.

Inventory:

Hand Weapons
 a - a +1 war axe (weapon)
Armour
 b - a +0 scale mail (worn)
 c - a +1 shield (worn)
 g - a +0 pair of gloves (worn)
Magical Staves
 i - an uncursed staff of air {unknown}
Jewellery
 m - a ring of positive energy (left hand)
Scrolls
 k - 2 scrolls of teleportation
 n - 2 scrolls of noise
 o - a scroll of enchant weapon
 p - a scroll of recharging {unknown}
 q - a scroll of enchant armour
 r - a scroll of identify
Potions
 d - 2 potions of might
 e - a potion of agility
 l - a potion of brilliance {unknown}
Comestibles
 f - 2 bread rations
 h - 4 fruits
 j - 2 beef jerkies


   Skills:
 + Level 3.5 Fighting
 + Level 2.7 Axes
 + Level 4.0 Armour
 + Level 1.6 Dodging
 + Level 0.6 Stealth
 + Level 5.4 Shields


You had 4 spell levels left.
You didn't know any spells.

Dungeon Overview and Level Annotations

Branches:
Dungeon (3/15)

Altars:
Ashenzari
Sif Muna


Innate Abilities, Weirdness & Mutations

You are under a permanent stasis effect.
You can dig through walls and to a lower floor.
Your four strong arms can wield two-handed weapons with a shield.
You have a pair of large antennae on your head. (SInv)


Message History

The orc wizard casts a cantrip, but nothing happens.
You block the worm's attack.
You hit the worm.
The worm is almost dead.
You block the orc priest's attack.
The orc priest hits you but does no damage.
The worm bites you.
* * * LOW HITPOINT WARNING * * *
The orc wizard casts a spell.
The orc wizard flickers and vanishes for a moment.
You are too injured to fight recklessly!
Formicids cannot teleport.
You hit the worm but do no damage.
The worm is almost dead.
You block the orc priest's attack. The worm bites you!
* * * LOW HITPOINT WARNING * * *
Your scale mail prevents you from hitting the worm.
The worm is almost dead.
You block the orc priest's attack. The worm bites you.
You die...

{ ### #.# #.# #.##
#..#### #.....#
#.###@# .♣ #.###w###
♣♣.♣ #...ooo.##.
♣.PP♣♣ #....or.......
♣PP♣P♣ #......>......
#....# #.............
#....#####..#.#.......
#.......###..........o
#.......# #....#......


You could see a worm, an orc priest, 2 orc wizards, an orc and a rat.

Vanquished Creatures
  A giant frog (D:3)
  3 adders (D:2)
  3 oozes (D:2)
  2 worms (D:2)
  2 dart slugs
  A giant gecko (D:1)
  An orc (D:3)
  3 giant cockroaches
  7 goblins
  2 hobgoblins
  7 jackals
  A ball python (D:2)
  6 bats
  5 giant newts
  8 kobolds
  3 rats
55 creatures vanquished.

Vanquished Creatures (others)
  A rat (D:2)
1 creature vanquished.

Grand Total: 56 creatures vanquished

Notes
Turn   | Place    | Note
-------+----------+-------------------------------------------
     0 | D:1      | Lindan9 the Formicid Fighter began the quest for the Orb.
     0 | D:1      | Reached XP level 1. HP: 18/18 MP: 1/1
   161 | D:1      | Reached XP level 2. HP: 17/24 MP: 2/2
   330 | D:1      | Reached skill level 4 in Shields
   566 | D:1      | Reached XP level 3. HP: 29/29 MP: 3/3
   957 | D:2      | Reached skill level 1 in Dodging
   978 | D:2      | Reached XP level 4. HP: 33/35 MP: 4/4
   996 | D:2      | Found a deep blue altar of Sif Muna.
  1063 | D:2      | Found a shattered altar of Ashenzari.
  1191 | D:2      | Reached skill level 5 in Shields
  1478 | D:2      | Reached XP level 5. HP: 41/41 MP: 5/5
  1516 | D:3      | Noticed a giant frog
  1521 | D:3      | Killed a giant frog
  1614 | D:3      | Slain by a worm

Vault maps used:
D:1:      tarquinn_simple_flora_water_c, minmay_split_cup_small
D:2:      ashenzari_conservatory_becter, serial_curves, eino_curves_04,
          eino_curves_02, eino_curves_01, eino_curves_04, minmay_misc_feat_rows,
          led_sif_pool
D:3:      first_bread, uniq_crazy_yiuf_cottage

Skill      XL: |  1  2  3  4  5 |
---------------+----------------+-----
Shields        | 4 5 |  5.4
Dodging        | 1 |  1.6
Armour         | 4 |  4.0
Fighting       | |  3.5
Axes           | |  2.7
Stealth        | |  0.6

Action                   |  1- 3 |  4- 6 || total
-------------------------+-------+-------++-------
Melee: War axe           |   113 |    58 ||   171
  Use: Scroll            |     6 |     2 ||     8
  Eat: Bread ration      |     1 |       ||     1
Armor: Scale mail        |    50 |    23 ||    73
Dodge: Dodged            |    52 |    22 ||    74
Block: Shield            |    73 |    52 ||   125
